AAA EAST
MEMPHIS REDBIRDS @ ROCHESTER RED WINGS
04/24/2042
 
TOP OF THE 1ST
Memphis Redbirds batting - Pitching for Rochester Red Wings : RHP Chip Fitzsymons
Pitching: RHP Chip Fitzsymons
Batting: RHB António Valentín 0-0: Called Strike
0-1: Swinging Strike
0-2: Foul Ball, location: 3F
0-2: Reached on error, E8 (Flyball, 8LXD, EV 110.6 MPH)
Batting: RHB Augusto Padilla 0-0: Ball
1-0: Ball
2-0: Called Strike
2-1: Foul Ball, location: 9LMF
2-2: Ball
3-2: Base on Balls
Batting: LHB Sandy Briggs 0-0: Ball
1-0: Foul Ball, location: 5SF
1-1: Foul Ball, location: 25F
1-2: Grounds into double play, 4-6-3 (Groundball, 4, EV 90.6 MPH)
António Valentín to third
Batting: RHB Robbie Mayes 0-0: Ball
1-0: Swinging Strike
1-1: Foul Ball, location: 23F
1-2: Ball
2-2: Ball
3-2: Foul Ball, location: 2F
3-2: Base on Balls
Batting: LHB Raúl Soto 0-0: Ball
1-0: Foul Ball, location: 7LSF
1-1: Ball
2-1: Fly out, F8 (Flyball, 8RXD, EV 81.9 MPH)
Top of the 1st over - 0 runs, 0 hits, 1 error, 2 left on base; Memphis 0 - Rochester 0
BOTTOM OF THE 1ST
Rochester Red Wings batting - Pitching for Memphis Redbirds : RHP Daniel Montalvo
Pitching: RHP Daniel Montalvo
Batting: LHB Dwayne Charles 0-0: Called Strike
0-1: Ball
1-1: Ball
2-1: Ball
3-1: Swinging Strike
3-2: Ground out 3-1 (Groundball, 34S, EV 86.3 MPH)
Batting: RHB Artie Miller 0-0: Called Strike
0-1: Ball
1-1: Ball
2-1: Swinging Strike
2-2: Strikes out looking
Batting: SHB Bernardo Reyes 0-0: Ball
1-0: Called Strike
1-1: Ball
2-1: Foul Ball, location: 7LDF
2-2: Ball
3-2: Fly out, F7 (Flyball, 7S, EV 85.6 MPH)
Bottom of the 1st over - 0 runs, 0 hits, 0 errors, 0 left on base; Memphis 0 - Rochester 0
TOP OF THE 2ND
Memphis Redbirds batting - Pitching for Rochester Red Wings : RHP Chip Fitzsymons
Batting: RHB Donnie Fields 0-0: Ball
1-0: Ball
2-0: Called Strike
2-1: Fly out, F8 (Flyball, 8LD, EV 94.4 MPH)
Batting: LHB Juan García 0-0: Called Strike
0-1: Called Strike
0-2: Ball
1-2: Ball
2-2: Foul Ball, location: 3SF
2-2: Ball
3-2: Base on Balls
Batting: RHB Tony Vance 0-0: Ball
Juan García steals 2nd base
1-0: Ball
2-0: Ball
3-0: Base on Balls
Batting: RHB Raúl Mora 0-0: Ball
1-0: Ball
2-0: Called Strike
2-1: Foul Ball, location: 2F
2-2: Foul Ball, location: 2F
2-2: Strikes out looking
Batting: RHB António Valentín 0-0: Ball
1-0: Ground out 6-3 (Groundball, 6MS, EV 68.1 MPH)
Top of the 2nd over - 0 runs, 0 hits, 0 errors, 2 left on base; Memphis 0 - Rochester 0
BOTTOM OF THE 2ND
Rochester Red Wings batting - Pitching for Memphis Redbirds : RHP Daniel Montalvo
Batting: LHB Bobby Flowers 0-0: Called Strike
0-1: Foul Ball, location: 7LSF
0-2: Hit by Pitch
Batting: RHB Jorge Portillo 0-0: Ball
1-0: Grounds into double play, 6-4-3 (Groundball, 56, EV 81.3 MPH)
Batting: LHB Cal Brown 0-0: Ball
1-0: Called Strike
1-1: Ball
2-1: Ball
3-1: Base on Balls
Batting: SHB Juan Trevino 0-0: Called Strike
0-1: Ball
1-1: Ball
Cal Brown steals 2nd base
2-1: Foul Ball, location: 5FF
2-2: SINGLE (Line Drive, 8RS, EV 98.1 MPH)
Cal Brown to third
Runner from 3rd tries for Home, throw by CF and OUT! 8-2
Bottom of the 2nd over - 0 runs, 1 hit, 0 errors, 1 left on base; Memphis 0 - Rochester 0
TOP OF THE 3RD
Memphis Redbirds batting - Pitching for Rochester Red Wings : RHP Chip Fitzsymons
Batting: RHB Augusto Padilla 0-0: Swinging Strike
0-1: Fly out, F6 (Line Drive, 6, EV 61.9 MPH)
Batting: LHB Sandy Briggs 0-0: Ball
1-0: Ball
2-0: Ball
3-0: Base on Balls
Batting: RHB Robbie Mayes 0-0: Ball
1-0: Foul Ball, location: 23F
1-1: Swinging Strike
1-2: Strikes out looking
Batting: LHB Raúl Soto 0-0: Ball
1-0: Called Strike
1-1: Fly out, F9 (Flyball, 89D, EV 92.5 MPH)
Top of the 3rd over - 0 runs, 0 hits, 0 errors, 1 left on base; Memphis 0 - Rochester 0
BOTTOM OF THE 3RD
Rochester Red Wings batting - Pitching for Memphis Redbirds : RHP Daniel Montalvo
Batting: RHB Jake Johnson 0-0: Ball
1-0: Foul Ball, location: 2F
1-1: Fly out, F8 (Flyball, 8RD, EV 81.9 MPH)
Batting: RHB Amelio González 0-0: Called Strike
0-1: SINGLE (Groundball, 6MD, EV 102.5 MPH)
Batting: LHB Dwayne Charles 0-0: Called Strike
0-1: Ball
1-1: Foul Ball, location: 2F
1-2: Ball
2-2: Ball
Wild Pitch!
Amelio González to second
3-2: Ground out 6-3 (Groundball, 6, EV 101.9 MPH)
Batting: RHB Artie Miller 0-0: Ball
1-0: Called Strike
1-1: Swinging Strike
1-2: Ball
Wild Pitch!
Amelio González to third
2-2: Strikes out swinging
Bottom of the 3rd over - 0 runs, 1 hit, 0 errors, 1 left on base; Memphis 0 - Rochester 0
TOP OF THE 4TH
Memphis Redbirds batting - Pitching for Rochester Red Wings : RHP Chip Fitzsymons
Batting: RHB Donnie Fields 0-0: Ball
1-0: Called Strike
1-1: Fly out, F5 (Popup, 6S, EV 74.4 MPH)
Batting: LHB Juan García 0-0: Fly out, F8 (Flyball, 78M, EV 99.4 MPH)
Batting: RHB Tony Vance 0-0: Ball
1-0: Foul Ball, location: 2F
1-1: Called Strike
1-2: Ground out 5-3 (Groundball, 56, EV 98.1 MPH)
Top of the 4th over - 0 runs, 0 hits, 0 errors, 0 left on base; Memphis 0 - Rochester 0
BOTTOM OF THE 4TH
Rochester Red Wings batting - Pitching for Memphis Redbirds : RHP Daniel Montalvo
Batting: SHB Bernardo Reyes 0-0: Foul Ball, location: 2F
0-1: Foul Ball, location: 3FF
0-2: Fly out, F8 (Flyball, 8LD, EV 110.6 MPH)
Batting: LHB Bobby Flowers 0-0: Ball
1-0: Called Strike
1-1: Ball
2-1: Foul Ball, location: 7LDF
2-2: Foul Ball, location: 7LMF
2-2: Ball
3-2: Foul Ball, location: 2F
3-2: Base on Balls
Batting: RHB Jorge Portillo 0-0: Ball
1-0: Called Strike
1-1: Foul Ball, location: 9LMF
1-2: Foul Ball, location: 2F
1-2: Strikes out looking
Batting: LHB Cal Brown 0-0: Ground out U3 (Groundball, 34S, EV 79.4 MPH)
Bottom of the 4th over - 0 runs, 0 hits, 0 errors, 1 left on base; Memphis 0 - Rochester 0
TOP OF THE 5TH
Memphis Redbirds batting - Pitching for Rochester Red Wings : RHP Chip Fitzsymons
Batting: RHB Raúl Mora 0-0: Ball
1-0: Ball
2-0: Foul Ball, location: 2F
2-1: Ball
3-1: Base on Balls
Batting: RHB António Valentín 0-0: Ball
1-0: Bunt - Flyout to 13S! F1
Batting: RHB Augusto Padilla 0-0: Grounds into double play, 4-6-3 (Groundball, 4, EV 107.5 MPH)
Top of the 5th over - 0 runs, 0 hits, 0 errors, 0 left on base; Memphis 0 - Rochester 0
BOTTOM OF THE 5TH
Rochester Red Wings batting - Pitching for Memphis Redbirds : RHP Daniel Montalvo
Batting: SHB Juan Trevino 0-0: Ball
1-0: Ground out 4-3 (Groundball, 4, EV 82.5 MPH)
Batting: RHB Jake Johnson 0-0: SINGLE (Groundball, 6D, EV 109.4 MPH)
Batting: RHB Amelio González 0-0: Swinging Strike
0-1: Ground out 5-3 (Groundball, 15, EV 91.3 MPH)
Jake Johnson to second
Batting: LHB Dwayne Charles 0-0: Ball
1-0: Ball
2-0: Ball
3-0: Base on Balls
Batting: RHB Artie Miller 0-0: Ball
1-0: SINGLE (Groundball, 6MD, EV 101.9 MPH)
Jake Johnson to third
Dwayne Charles to second
Runner from 3rd tries for Home, SAFE, throw by CF to home
Batting: SHB Bernardo Reyes 0-0: Called Strike
0-1: Fly out, F8 (Flyball, 78M, EV 78.8 MPH)
Bottom of the 5th over - 1 run, 2 hits, 0 errors, 2 left on base; Memphis 0 - Rochester 1
TOP OF THE 6TH
Memphis Redbirds batting - Pitching for Rochester Red Wings : RHP Chip Fitzsymons
Now at SS: Robinson Pérez
Batting: LHB Sandy Briggs 0-0: Ball
1-0: Swinging Strike
1-1: Ball
2-1: Swinging Strike
2-2: Strikes out swinging
Batting: RHB Robbie Mayes 0-0: Ball
1-0: Called Strike
1-1: Foul Ball, location: 3DF
1-2: DOUBLE (Flyball, 8RXD, EV 89.4 MPH)
Batting: LHB Raúl Soto 0-0: Ball
1-0: Ball
2-0: Ball
3-0: Called Strike
3-1: Base on Balls
Batting: RHB Donnie Fields 0-0: Called Strike
0-1: Grounds into double play, 6-4-3 (Groundball, 6, EV 94.4 MPH)
Top of the 6th over - 0 runs, 1 hit, 0 errors, 1 left on base; Memphis 0 - Rochester 1
BOTTOM OF THE 6TH
Rochester Red Wings batting - Pitching for Memphis Redbirds : RHP Daniel Montalvo
Batting: LHB Bobby Flowers 0-0: Ball
1-0: Called Strike
1-1: Ball
2-1: Swinging Strike
2-2: Strikes out swinging
Batting: RHB Jorge Portillo 0-0: Ball
1-0: Called Strike
1-1: Swinging Strike
1-2: Foul Ball, location: 9LDF
1-2: Ball
2-2: Ball
3-2: Foul Ball, location: 3SF
3-2: Base on Balls
Batting: LHB Cal Brown 0-0: Ball
1-0: Grounds into double play, 6-4-3 (Groundball, 56, EV 79.4 MPH)
Bottom of the 6th over - 0 runs, 0 hits, 0 errors, 0 left on base; Memphis 0 - Rochester 1
TOP OF THE 7TH
Memphis Redbirds batting - Pitching for Rochester Red Wings : RHP Chip Fitzsymons
Batting: LHB Juan García 0-0: Fly out, F4 (Line Drive, 4, EV 74.4 MPH)
Pinch Hitting: SHB Terry Underhill 0-0: Ball
1-0: Called Strike
1-1: Ball
2-1: Foul Ball, location: 9LSF
2-2: Foul Ball, location: 2F
2-2: Strikes out swinging
Batting: RHB Raúl Mora 0-0: Ball
1-0: Fly out, F8 (Flyball, 8RD, EV 99.4 MPH)
Top of the 7th over - 0 runs, 0 hits, 0 errors, 0 left on base; Memphis 0 - Rochester 1
BOTTOM OF THE 7TH
Rochester Red Wings batting - Pitching for Memphis Redbirds : RHP Daniel Montalvo
Now at SS: Rodrigo Silva
Batting: SHB Juan Trevino 0-0: Called Strike
0-1: Swinging Strike
0-2: Ball
1-2: Strikes out swinging
Pitching: RHP Juan López
Batting: RHB Robinson Pérez 0-0: Called Strike
0-1: Ball
1-1: Swinging Strike
1-2: Foul Ball, location: 2F
1-2: SINGLE (Line Drive, 89S, EV 94.4 MPH)
Batting: RHB Amelio González 0-0: Called Strike
0-1: Ball
1-1: Ground out 5-3 (Groundball, 5S, EV 73.1 MPH)
Robinson Pérez to second
Batting: LHB Dwayne Charles 0-0: Ball
1-0: Swinging Strike
1-1: Ball
2-1: Called Strike
2-2: Foul Ball, location: 7LDF
2-2: Strikes out looking
Bottom of the 7th over - 0 runs, 1 hit, 0 errors, 1 left on base; Memphis 0 - Rochester 1
TOP OF THE 8TH
Memphis Redbirds batting - Pitching for Rochester Red Wings : RHP Chip Fitzsymons
Pitching: RHP Axel Maldini
Batting: RHB António Valentín 0-0: Ball
1-0: Fly out, F9 (Flyball, 89S, EV 82.5 MPH)
Pinch Hitting: LHB Alex Wood 0-0: Ball
1-0: Ball
2-0: Ball
3-0: Called Strike
3-1: Base on Balls
Pitching: LHP Leonardo Madrigal
Pinch Hitting: SHB Pepe Robles 0-0: Ball
1-0: Fielders Choice at 2nd, 5-4 (Groundball, 56, EV 83.8 MPH)
Batting: RHB Robbie Mayes 0-0: Called Strike
0-1: Ball
1-1: Ball
2-1: Ball
3-1: Base on Balls
Pepe Robles to second
Pinch Hitting: RHB Juan González 0-0: Foul Ball, location: 9LSF
0-1: DOUBLE (Line Drive, 7LM, EV 107.5 MPH)
Pepe Robles scores
Robbie Mayes to third
Runner from 3rd tries for Home, SAFE, throw by LF to home
Batting: RHB Donnie Fields 0-0: Called Strike
0-1: Ball
1-1: Called Strike
1-2: Ball
2-2: Ball
3-2: Foul Ball, location: 5SF
3-2: Base on Balls
Batting: LHB Juan García 0-0: SINGLE (Groundball, 4MS, EV 73.8 MPH) (infield hit)
Juan González to third
Donnie Fields to second
Batting: RHB Rodrigo Silva 0-0: Called Strike
0-1: Foul Ball, location: 2F
0-2: Ball
1-2: Ball
2-2: SINGLE (Groundball, 6, EV 83.8 MPH) (infield hit)
Juan González scores
Donnie Fields to third
Juan García to second
Batting: RHB Raúl Mora 0-0: Called Strike
0-1: Foul Ball, location: 2F
0-2: Strikes out swinging
Top of the 8th over - 3 runs, 3 hits, 0 errors, 3 left on base; Memphis 3 - Rochester 1
BOTTOM OF THE 8TH
Rochester Red Wings batting - Pitching for Memphis Redbirds : RHP Juan López
Now at 2B: Dave Cole
Now in CF: Pepe Robles
Now in RF: Jared Gyll
Batting: RHB Artie Miller 0-0: Ball
1-0: Swinging Strike
1-1: SINGLE (Line Drive, 6MD, EV 103.8 MPH)
Batting: SHB Bernardo Reyes 0-0: Fly out, F8 (Line Drive, 8RD, EV 91.3 MPH)
Pitching: LHP Juan Corona
Batting: LHB Bobby Flowers 0-0: Called Strike
0-1: Ball
1-1: Ball
2-1: Grounds into double play, 5-4-3 (Groundball, 56, EV 83.8 MPH)
Bottom of the 8th over - 0 runs, 1 hit, 0 errors, 0 left on base; Memphis 3 - Rochester 1
TOP OF THE 9TH
Memphis Redbirds batting - Pitching for Rochester Red Wings : LHP Leonardo Madrigal
Pitching: LHP Steve Brown
Batting: RHB António Valentín 0-0: Ball
1-0: Called Strike
1-1: Ball
2-1: Ball
3-1: Base on Balls
Batting: LHB Dave Cole 0-0: Foul Ball, location: 2F
0-1: Foul Ball, location: 2F
0-2: Ground out 4-3 (Groundball, 4D, EV 101.3 MPH)
António Valentín to second
Batting: SHB Pepe Robles 0-0: Foul Ball, location: 25F
0-1: Ball
1-1: Ball
2-1: Fly out, F8 (Flyball, 8RD, EV 86.3 MPH)
Batting: RHB Robbie Mayes 0-0: Fly out, F3 (Popup, 3, EV 75.0 MPH)
Top of the 9th over - 0 runs, 0 hits, 0 errors, 1 left on base; Memphis 3 - Rochester 1
BOTTOM OF THE 9TH
Rochester Red Wings batting - Pitching for Memphis Redbirds : LHP Juan Corona
Pitching: RHP Steve MacKinney
Batting: RHB Jorge Portillo 0-0: Ball
1-0: Ball
2-0: Ball
3-0: Base on Balls
Batting: LHB Cal Brown 0-0: Ball
1-0: Called Strike
1-1: DOUBLE (Line Drive, 7LD, EV 104.4 MPH)
Jorge Portillo to third
Batting: SHB Juan Trevino 0-0: Foul Ball, location: 2F
0-1: Ball
1-1: Foul Ball, location: 23F
1-2: Ball
2-2: DOUBLE (Line Drive, 78M, EV 97.5 MPH)
Jorge Portillo scores
Cal Brown scores
Pinch Hitting: LHB Adrián Rocha 0-0: Intentional Walk
Batting: RHB Amelio González 0-0: Sac Bunt to 5S - play at first, batter OUT! 5-4
Juan Trevino to third
Adrián Rocha to second
Batting: LHB Dwayne Charles 0-0: Intentional Walk
Batting: RHB Artie Miller 0-0: Foul Ball, location: 2F
0-1: Foul Ball, location: 3F
0-2: Strikes out looking
Batting: SHB Bernardo Reyes 0-0: Called Strike
0-1: Ball
1-1: Called Strike
1-2: SINGLE (Groundball, 4MD, EV 106.9 MPH)
Juan Trevino scores
Bottom of the 9th over - 3 runs, 3 hits, 0 errors, 2 left on base; Memphis 3 - Rochester 4
Wednesday, May 1st , 2024 - OOTP Baseball 24.10 Build 82